 Dungeon Crawl Stone Soup version 0.30-a0-528-g8c47a4955b (webtiles) character file.

Game seed: 204515550660238869

170 NinjaNoafa the Insei (level 5, 0/41 HPs)
             Began as a Gnoll Transmuter on Dec 23, 2022.
             Was an Initiate of Wu Jian.
             Shot with an arrow by a centaur (7 damage)
             ... on level 3 of the Dungeon.
             The game lasted 00:08:19 (2169 turns).

NinjaNoafa the Insei (Gnoll Transmuter)             Turns: 2169, Time: 00:08:20

Health: 0/41       AC:  2    Str:  9    XL:     5   Next: 50%
Magic:  12/12      EV: 13    Int: 15    God:    Wu Jian [......]
Gold:   104        SH:  0    Dex: 12    Spells: 9/14 levels left

rFire   . . .      SeeInvis .      - Unarmed
rCold   . . .      Faith    .    (no shield)
rNeg    . . .      Spirit   .    a - +0 robe
rPois   .          Reflect  .    (no helmet)
rElec   .          Harm     .    (no cloak)
rCorr   .          Rampage  .    (no gloves)
Will    .....                    (no boots)
Stlth   ++                       (no amulet)
HPRegen 0.26/turn                (no ring)
MPRegen 0.13/turn                (no ring)

@: no status effects
A: fangs 1, strong nose, distributed training
a: Renounce Religion


You were on level 3 of the Dungeon.
You worshipped Wu Jian.
Wu Jian was noncommittal.
You visited 1 branch of the dungeon, and saw 3 of its levels.

You collected 104 gold pieces.

Inventory:

Missiles
 e - 25 stones
Armour
 a - a +0 robe (worn)
Scrolls
 c - 4 scrolls of fear {unknown}
 d - a scroll of blinking {unknown}
 g - a scroll of vulnerability {unknown}
 h - a scroll of enchant weapon {unknown}
 i - 5 scrolls of identify {unknown}
 j - a scroll of magic mapping {unknown}
 k - a scroll of immolation {unknown}
Potions
 b - a potion of lignification
 f - a potion of resistance {unknown}


   Skills:
 + Level 3.0 Fighting
 + Level 1.6 Short Blades
 + Level 1.6 Long Blades
 + Level 1.6 Axes
 + Level 1.6 Maces & Flails
 + Level 1.6 Polearms
 + Level 1.6 Staves
 + Level 1.6 Ranged Weapons
 + Level 1.6 Throwing
 + Level 1.6 Armour
 + Level 4.8 Dodging
 + Level 1.6 Stealth
 + Level 1.6 Shields
 + Level 6.7 Unarmed Combat
 + Level 5.2 Spellcasting
 + Level 1.2 Conjurations
 + Level 1.2 Hexes
 + Level 1.2 Summonings
 + Level 1.2 Necromancy
 + Level 1.2 Translocations
 + Level 4.0 Transmutations
 + Level 1.2 Fire Magic
 + Level 1.2 Ice Magic
 + Level 1.2 Air Magic
 + Level 1.2 Earth Magic
 + Level 1.2 Poison Magic
 + Level 1.8 Invocations
 + Level 1.6 Evocations


You had 9 spell levels left.
You knew the following spells:

 Your Spells              Type           Power      Damage    Failure   Level
a - Beastly Appendage     Tmut           30%        N/A       3%          1
b - Wereblood             Tmut           15%        N/A       4%          2
c - Passwall              Tmut/Erth      9%         N/A       9%          2

Your spell library contained the following spells:

 Spells                   Type           Power      Damage    Failure   Level
 Ensorcelled Hibernation  Hex/Ice        14%        N/A       14%         2
 Spider Form              Tmut/Pois      11%        N/A       16%         3
 Gell's Gravitas          Tloc           7%         N/A       28%         3
 Lesser Beckoning         Tloc           14%        N/A       28%         3
 Ozocubu's Armour         Ice            7%         N/A       28%         3
 Swiftness                Air            7%         N/A       28%         3
 Teleport Other           Tloc           7%         N/A       28%         3
 Ice Form                 Ice/Tmut       11%        N/A       47%         4
 Ozocubu's Refrigeration  Ice            3%         4d8       100%        7


Dungeon Overview and Level Annotations

Branches:
Dungeon (3/15)

Altars:
Wu Jian

Shops:
D:1 =

Annotations:
D:2 1 runed translucent door, Crazy Yiuf


Innate Abilities, Weirdness & Mutations

You have very sharp teeth.
Your uncanny sense of smell can sniff out nearby items.
Your experience applies equally to all skills.


Message History

You kneel at the altar of Wu Jian.
The Council welcomes you!
You can now perform damaging attacks by moving towards foes.
Key pressed, stopping explore.
Key pressed, stopping explore.
A hobgoblin comes into view.
The hobgoblin shouts!
Attack: -) Nothing wielded
Press: ? - help, Dir - move target You swing at nothing.
The hobgoblin misses you.
You hit the hobgoblin.
The hobgoblin is moderately wounded.
You punch the hobgoblin!
You kill the hobgoblin!
The Council accepts your kill.
Key pressed, stopping explore.
You now have 104 gold pieces (gained 5).
A kobold comes into view. It is wielding a +0 club.
A kobold is nearby!
A kobold is nearby!
The kobold shouts!
You lunge at the kobold, in a flurry of attacks.
You hit the kobold.
You kill the kobold!
The Council accepts your kill.
You see here a +0 club.
Found a dagger.
You see here a +0 dagger.
A centaur comes into view.
The centaur wields a +0 shortbow.
The centaur shoots an arrow.
The arrow hits you!
A centaur is nearby!
A centaur is nearby!
The centaur shoots an arrow.
The arrow hits you!
The centaur shoots an arrow.
The arrow barely misses you.
The centaur shoots an arrow.
The arrow hits you!
* * * LOW HITPOINT WARNING * * *
The centaur shoots an arrow.
The arrow hits you!
You die...

........##.#.........).
.........##.#...........
.........##.###.######..
.........$..# #.# #..
............# #.# #..
............###.# #..
...........)....########
................#.......
.......@................
................#.####.#
................#.#
....c...........#.#
............#####.#
.............. .# ∆
############### ##


You could see a centaur.

Vanquished Creatures
  Terence (D:3)
  4 gnolls (D:2)
  3 adders (D:2)
  A worm (D:2)
  3 dart slugs
  An orc (D:3)
  6 ball pythons
  6 bats
  2 endoplasms (D:3)
  5 giant cockroaches
  6 goblins
  5 hobgoblins
  6 jackals
  A quokka (D:3)
  5 frilled lizards
  9 kobolds
  6 rats
70 creatures vanquished.

Vanquished Creatures (others)
  15 plants (D:2)
15 creatures vanquished.

Grand Total: 85 creatures vanquished

Notes
Turn   | Place    | Note
-------+----------+-------------------------------------------
     0 | D:1      | NinjaNoafa the Gnoll Transmuter began the quest for the
                  | Orb.
     0 | D:1      | Reached XP level 1. HP: 17/17 MP: 6/6
   160 | D:1      | Reached XP level 2. HP: 22/23 MP: 5/7
   222 | D:1      | Learned a level 2 spell: Wereblood
   301 | D:1      | Found Pilon's Jewellery Emporium.
   542 | D:1      | Reached skill level 5 in Spellcasting
   542 | D:1      | Reached XP level 3. HP: 28/28 MP: 6/9
   804 | D:2      | Reached skill level 1 in Invocations
   857 | D:2      | Reached skill level 1 in Short Blades
   857 | D:2      | Reached skill level 1 in Long Blades
   857 | D:2      | Reached skill level 1 in Axes
   857 | D:2      | Reached skill level 1 in Maces & Flails
   857 | D:2      | Reached skill level 1 in Polearms
   857 | D:2      | Reached skill level 1 in Staves
   857 | D:2      | Reached skill level 1 in Ranged Weapons
   857 | D:2      | Reached skill level 1 in Throwing
   857 | D:2      | Reached skill level 1 in Armour
   857 | D:2      | Reached skill level 1 in Stealth
   857 | D:2      | Reached skill level 1 in Shields
   857 | D:2      | Reached skill level 1 in Evocations
   876 | D:2      | Reached XP level 4. HP: 26/34 MP: 11/11
   907 | D:2      | Reached skill level 1 in Conjurations
   907 | D:2      | Reached skill level 1 in Hexes
   907 | D:2      | Reached skill level 1 in Summonings
   907 | D:2      | Reached skill level 1 in Necromancy
   907 | D:2      | Reached skill level 1 in Translocations
   907 | D:2      | Reached skill level 1 in Fire Magic
   907 | D:2      | Reached skill level 1 in Ice Magic
   907 | D:2      | Reached skill level 1 in Air Magic
   907 | D:2      | Reached skill level 1 in Earth Magic
   907 | D:2      | Reached skill level 1 in Poison Magic
  1235 | D:2      | Reached XP level 5. HP: 40/40 MP: 8/12
  1650 | D:2      | Found a runed translucent door.
  1651 | D:2      | Noticed Crazy Yiuf
  1783 | D:2      | Learned a level 2 spell: Passwall
  1812 | D:3      | Noticed Terence
  1827 | D:3      | Killed Terence
  1880 | D:3      | Found an ornate altar of the Wu Jian Council.
  2035 | D:3      | Became a worshipper of the Wu Jian Council
  2166 | D:3      | Noticed a centaur
  2169 | D:3      | Shot with an arrow by a centaur

Illustrated notes

Levels and vault maps discovered:
D:1:      psy_arrival_dodecagon, layout_rooms, serial_shops,
          nicolae_shop_waterfront, serial_bayou_pond_c,
          minmay_misc_feat_secret_circle
D:2:      wad_lake_hut, layout_loops_cross, uniq_crazy_yiuf_cottage
D:3:      layout_basic, nicolae_wu_jian_wuxing_cycle, minmay_surrounded,
          uniq_terence, uniq_jessica

Skill      XL: |  1  2  3  4  5 |
---------------+----------------+-----
Spellcasting   | 5 |  5.2
Invocations    | 1 |  1.8
Short Blades   | 1 |  1.6
Long Blades    | 1 |  1.6
Axes           | 1 |  1.6
Maces & Flails | 1 |  1.6
Polearms       | 1 |  1.6
Staves         | 1 |  1.6
Ranged Weapons | 1 |  1.6
Throwing       | 1 |  1.6
Armour         | 1 |  1.6
Stealth        | 1 |  1.6
Shields        | 1 |  1.6
Evocations     | 1 |  1.6
Conjurations   | 1 |  1.2
Hexes          | 1 |  1.2
Summonings     | 1 |  1.2
Necromancy     | 1 |  1.2
Translocations | 1 |  1.2
Fire Magic     | 1 |  1.2
Ice Magic      | 1 |  1.2
Air Magic      | 1 |  1.2
Earth Magic    | 1 |  1.2
Poison Magic   | 1 |  1.2
Fighting       | 3 |  3.0
Transmutations | 4 |  4.0
Dodging        | |  4.8
Unarmed Combat | |  6.7

Action                   |  1- 3 |  4- 6 || total
-------------------------+-------+-------++-------
Melee: Unarmed           |    92 |    69 ||   161
       Headbutt          |     9 |    14 ||    23
       Kick              |    16 |    13 ||    29
       Bite              |     4 |     4 ||     8
       Punch             |     2 |     1 ||     3
 Cast: Beastly Appendage |    19 |    15 ||    34
       Wereblood         |     3 |     3 ||     6
Invok: Lunge             |       |     1 ||     1
 Stab: Sleeping          |       |     1 ||     1
Armor: Robe              |    25 |    10 ||    35
Dodge: Dodged            |    77 |    28 ||   105

Table legend: (Time is in decaauts)
 A = Elapsed time spent in this place.
 B = Non-inter-level travel time spent in this place.
 C = Inter-level travel time spent in this place.
 D = Time resting spent in this place.
 E = Time spent auto-exploring this place.
 F = Levels seen in this place.
 G = Mean time per level.
                   A        B        C        D        E       F      G
               +--------+--------+--------+--------+--------+-----+--------+
         Total |   2192 |   2119 |     73 |      0 |   1604 |   3 |  730.7 |
       Dungeon |   2192 |   2119 |     73 |      0 |   1604 |   3 |  730.7 |
               +--------+--------+--------+--------+--------+-----+--------+

Top non-repeatable levels by time:
     D:2: 1095 daAuts
     D:1: 739 daAuts
     D:3: 357 daAuts
